 Dungeon Crawl Stone Soup version 0.27.0-1-g7a089689b8 (webtiles) character file.

Game seed: 1811976605952737728

7 Descartes the Scratcher (level 1, -3/9 HPs)
             Began as a Felid Transmuter on Aug 1, 2021.
             Killed from afar by a dart slug (6 damage)
             ... with a slug dart
             ... on level 2 of the Dungeon.
             The game lasted 00:00:58 (769 turns).

Descartes the Scratcher (Felid Transmuter)           Turns: 769, Time: 00:00:59

Health: -3/9       AC:  1    Str:  6    XL:     1   Next: 91%
Magic:  3/4        EV: 17    Int: 14    God:
Gold:   41         SH:  0    Dex: 16    Spells: 3/4 levels left
                                        Lives:  0   Deaths: 0

rFire    . . .     SeeInvis +     - Unarmed
rCold    . . .     Faith    .   (shield unavailable)
rNeg     . . .     Spirit   .   (armour unavailable)
rPois    .         Reflect  .   (helmet unavailable)
rElec    .         Harm     .   (cloak unavailable)
rCorr    .         Rampage  .   (gloves unavailable)
Will     .....                  (boots unavailable)
Stlth    ++........             (no amulet)
HPRegen  0.03/turn              (no ring)
MPRegen  0.09/turn              (no ring)

@: appendages, quick
A: horns 2, very small, claws 1, fangs 3, see invisible, speed 1, shaggy fur 1,
stealthy paws, no weapons or thrown items, no armour, multi-lived
a: End Transformation


You were on level 2 of the Dungeon.
You had temporarily grown beastly horns.
You visited 1 branch of the dungeon, and saw 2 of its levels.

You collected 41 gold pieces.

Inventory:

Scrolls
 a - a scroll of amnesia {unknown}
 b - a scroll of identify {unknown}
 c - a scroll of enchant armour {unknown}
 d - a scroll of teleportation {unknown}


   Skills:
 - Level 1.0 Fighting
 + Level 3.0 Dodging
 + Level 1.0 Stealth
 + Level 3.1 Unarmed Combat
 - Level 2.0 Spellcasting
 + Level 2.4 Transmutations


You had 3 spell levels left.
You knew the following spells:

 Your Spells              Type           Power      Damage    Failure   Level
a - Beastly Appendage     Tmut           16%        N/A       9%          1

Your spell library contained the following spells:

 Spells                   Type           Power      Damage    Failure   Level
 Wereblood                Tmut           8%         N/A       14%         2
 Spider Form              Tmut/Pois      2%         N/A       41%         3
 Ice Form                 Ice/Tmut       4%         N/A       82%         4


Dungeon Overview and Level Annotations

Branches:
Dungeon (2/15)

Altars:


Innate Abilities, Weirdness & Mutations

You have temporarily grown beastly horns.
You have sharp claws.
You have razor-sharp teeth.
You have supernaturally acute eyesight. (SInv)
You cover ground quickly. (Speed+)
You are covered in fur. (AC +1)
Your paws help you pounce on unaware monsters.
You are incapable of wielding weapons or throwing items.
You cannot wear armour.
You gain extra lives every three experience levels.


Message History

There is a stone staircase leading down here.
Done exploring.
Done exploring.
There is a stone staircase leading down here.
You climb downwards.
A bat comes into view.
There is a stone staircase leading up here.
Casting: Beastly Appendage (safe; 9% risk of failure)
Confirm with . or Enter, or press ? or * to list all spells.
You miscast Beastly Appendage.
You are very lightly contaminated with residual magic.
Nothing appears to happen.
You pounce on the unaware helpless bat!
You claw the bat!
You kill the bat!
Your Stealth skill increases to level 1!
No target in view!
Your magical contamination has completely faded away.
Magic restored.
A goblin and a dart slug come into view.
The goblin shouts!
The dart slug launches a dart at you. The slug dart misses you.
Casting: Beastly Appendage (safe; 9% risk of failure)
Confirm with . or Enter, or press ? or * to list all spells.
You grow a pair of large bovine horns.
The goblin hits you with a +0 club.
Found 17 poisoned darts.
You scratch the goblin but do no damage.
You headbutt the goblin.
You kill the goblin!
The dart slug launches a dart at you. The slug dart hits you.
Ouch! That really hurt!
Your Dodging skill increases to level 3!
You scratch the dart slug.
The dart slug is heavily wounded.
The dart slug launches a dart at you. The slug dart hits you.
Ouch! That really hurt!
You die...

### # .. #. .# #
#.##.#.# .....
.#######.####..#
......w@..)....#
.#(#####.#####.#
#.......#
#.###.#.# #.#
#!#.# #<# #^# #
### #.# ..# ###


You could see a dart slug.

Vanquished Creatures
  A ball python (D:1)
  2 goblins
  A quokka (D:1)
  2 bats
  A rat (D:1)
7 creatures vanquished.

Notes
Turn   | Place    | Note
-------+----------+-------------------------------------------
     0 | D:1      | Descartes the Felid Transmuter began the quest for the Orb.
     0 | D:1      | Reached XP level 1. HP: 9/9 MP: 4/4
   747 | D:2      | Reached skill level 1 in Stealth
   769 | D:2      | Killed from afar by a dart slug

Illustrated notes

Levels and vault maps discovered:
D:1:      grunt_arrival_crossed_arrows, layout_basic
D:2:      layout_basic, hellmonk_ecumenical_altar_pennies_from_heaven

Skill      XL: |  1 |
---------------+----+-----
Stealth        | 1 |  1.0
Dodging        | 3 |  3.0
Fighting       | |  1.0
Unarmed Combat | |  3.1
Spellcasting   | |  2.0
Transmutations | |  2.4

Action                   || total
-------------------------++-------
Melee: Unarmed           ||    10
       Headbutt          ||     2
       Bite              ||     1
 Cast: Beastly Appendage ||     6
 Stab: Sleeping          ||     1
Armor: Skin              ||     1
Dodge: Dodged            ||     5
